 Dungeon Crawl Stone Soup version 0.19-a0-965-g50bf062 (webtiles) character file.

2968 Etesian the Martial Artist (level 9, -26/81 HPs)
             Began as a Minotaur Monk on July 12, 2016.
             Was an Initiate of Ru.
             Killed by the air
             ... invoked by Gastronok
              (36 damage)
             ... on level 8 of the Dungeon.
             The game lasted 00:16:30 (6857 turns).

Etesian the Martial Artist (Minotaur Monk)          Turns: 6857, Time: 00:16:31

Health: -26/81     AC:  8    Str: 18    XL:     9   Next: 52%
Magic:  8/8        EV: 21    Int:  7    God:    Ru [......]
Gold:   381        SH:  0    Dex: 18    Spells: 0 memorised, 8 levels left

rFire  . . .     SeeInvis .       - Unarmed
rCold  . . .     Gourm    .     y - +2 leather armour {MR+}
rNeg   . . .     Faith    +     (no shield)
rPois  .         Spirit   .     (helmet restricted)
rElec  .         Dismiss  .     x - +0 cloak
rCorr  .         Reflect  .     (no gloves)
SustAt .         Harm     .     r - +0 pair of boots
MR     +....     Clarity  +     c - amulet of faith
Stlth  ++........               i - +4 ring of evasion
                                (no ring)

@: somewhat resistant to hostile enchantments, unstealthy
A: retaliatory headbutt, horns 2, agile 1, clarity, strong 1
a: Renounce Religion


You were on level 8 of the Dungeon.
You worshipped Ru.
Ru was noncommittal.
You were not hungry.

You visited 2 branches of the dungeon, and saw 9 of its levels.

You collected 381 gold pieces.

Inventory:

Missiles
 j - 8 javelins (quivered)
Armour
 p - a +0 buckler
 r - a +0 pair of boots (worn)
 x - a +0 cloak (worn)
 y - a +2 leather armour of magic resistance (worn)
Jewellery
 c - an amulet of faith (around neck)
 e - an uncursed ring of flight
 i - a +4 ring of evasion (right hand)
Wands
 l - a wand of disintegration (15/24)
 v - a wand of paralysis (18/24)
Scrolls
 a - a scroll of enchant armour
 g - 3 scrolls of magic mapping
 q - 2 scrolls of teleportation
 u - 4 scrolls of identify
Potions
 h - 2 potions of invisibility
 m - 2 potions of flight
 o - 4 potions of curing
 s - 2 potions of cancellation
 t - a potion of lignification
Comestibles
 b - 8 bread rations
 d - 3 meat rations
 f - 2 fruits
 k - 5 beef jerkies
 w - 4 chunks of flesh


   Skills:
 + Level 7.8 Fighting
 + Level 6.3 Armour
 + Level 7.1 Dodging
 - Level 1.5 Stealth
 - Level 4.0 Shields
 * Level 9.6 Unarmed Combat


You had 8 spell levels left.
You didn't know any spells.

Dungeon Overview and Level Annotations

Branches:
Dungeon (8/15)             Temple (1/1) D:4
   Lair: D:8-11

Altars:
Ashenzari
Cheibriados
Dithmenos
Elyvilon
Gozag
Hepliaklqana
Kikubaaqudgha
Makhleb
Nemelex Xobeh
Okawaru
Pakellas
Ru
Sif Muna
Trog
Uskayaw
Vehumet
Xom
Yredelemnul
Zin
The Shining One

Annotations:
D:8 Gastronok


Innate Abilities, Weirdness & Mutations

You reflexively headbutt those who attack you in melee.
You have a pair of horns on your head.
You are agile. (Dex +2)
You possess an exceptional clarity of mind.
Your muscles are strong. (Str +2)


Message History

Gastronok waves his eye-stalks in wide circles.
The air twists around and strikes you!
* * * LOW HITPOINT WARNING * * *
You regained 5 hp, and now have 22/81 hp.
You punch Gastronok!
Gastronok is heavily wounded.
You hit Gastronok. You headbutt Gastronok.
Gastronok is severely wounded.
You punch Gastronok!
Gastronok is severely wounded.
Gastronok bites you!!
* * * LOW HITPOINT WARNING * * *
You take 19 damage, and have 3/81 hp.
MASSIVE DAMAGE!!
You feel better.
You regained 7 hp, and now have 10/81 hp.
You punch Gastronok! You headbutt Gastronok.
Gastronok is almost dead.
Gastronok waves his eye-stalks in wide circles.
The air twists around and strikes you!
You die...

....#### ##
####.## ..###
.... ..#.#
..# ... ..#.#
#.# ###.##
#.#.# .##
##.....##.#.#
#.#
#.......#.#.#
.##
#.......#...#
#.#
...._%......#
.##
#..$...@#†#.#
#.#
#.....w.#...#
.##
##.....##.###
#.# ###.##
#.# .## ...
..# #.# .##
.#.# .## .
#.... #.# #
### .##


You could see Gastronok.

Vanquished Creatures
  Sigmund (D:2)
  Eustachio (D:4)
  A hungry ghost (D:7)
  A black bear (D:6)
  An ice beast (D:7)
  2 sky beasts
  3 ogres
  2 phantoms
  3 centaurs
  3 giant frogs
  A water moccasin zombie (D:7)
  4 scorpions
  A crimson imp (D:6)
  4 hounds
  4 orc wizards
  5 centaur skeletons
  3 orc priests
  Crazy Yiuf (D:5)
  Natasha (thrice) (D:2 D:7)
  5 worker ants
  A hound zombie (D:8)
  Robin (D:4)
  8 adders
  6 gnolls (D:3)
  2 oozes
  An adder zombie (D:7)
  2 adder skeletons (D:6)
  5 worms
  2 dart slugs
  7 giant geckos
  9 orcs
  6 bats
  6 giant cockroaches
  12 goblins
  15 hobgoblins
  19 jackals
  13 kobolds
  4 quokkas
  A ball python (D:2)
  A giant gecko skeleton (D:7)
  3 giant newts
  6 rats
179 creatures vanquished.

Vanquished Creatures (others)
  A giant newt (D:3)
1 creature vanquished.

Grand Total: 180 creatures vanquished

Notes
Turn   | Place    | Note
-------+----------+-------------------------------------------
     0 | D:1      | Etesian the Minotaur Monk began the quest for the Orb.
     0 | D:1      | Reached XP level 1. HP: 19/19 MP: 0/0
   107 | D:1      | Reached XP level 2. HP: 19/27 MP: 1/1
   698 | D:2      | Reached skill level 1 in Armour
   787 | D:2      | Reached XP level 3. HP: 33/33 MP: 2/2
   808 | D:2      | Reached skill level 4 in Unarmed Combat
  1103 | D:2      | Gained mutation: You are agile. (Dex +2) [potion of mutation]
  1103 | D:2      | Gained mutation: You possess an exceptional clarity of mind. [potion of mutation]
  1103 | D:2      | Gained mutation: Your muscles are strong. (Str +2) [potion of mutation]
  1226 | D:2      | Noticed Natasha
  1251 | D:2      | Killed Natasha
  1251 | D:2      | Reached XP level 4. HP: 34/40 MP: 3/3
  1253 | D:2      | Noticed Natasha
  1265 | D:2      | Killed Natasha
  1489 | D:2      | Noticed Sigmund
  1516 | D:2      | Killed Sigmund
  1516 | D:2      | Reached skill level 5 in Fighting
  1516 | D:2      | Reached skill level 5 in Unarmed Combat
  1516 | D:2      | Reached XP level 5. HP: 35/48 MP: 4/4
  1516 | D:2      | Reached XP level 6. HP: 40/56 MP: 5/5
  1996 | D:3      | Found an oddly glowing altar of Pakellas.
  3095 | D:3      | Reached skill level 6 in Unarmed Combat
  3288 | D:4      | Reached XP level 7. HP: 60/61 MP: 6/6
  3410 | D:4      | Found a bloodstained altar of Trog.
  3460 | D:4      | Noticed Robin
  3476 | D:4      | Killed Robin
  3485 | D:4      | Reached skill level 5 in Dodging
  3582 | D:4      | Found a staircase to the Ecumenical Temple.
  3582 | D:4      | Noticed Eustachio
  3619 | Temple   | Entered the Ecumenical Temple
  3755 | Temple   | Became a worshipper of Ru the Awakened
  3790 | D:4      | Killed Eustachio
  3790 | D:4      | Reached skill level 7 in Unarmed Combat
  3790 | D:4      | Reached XP level 8. HP: 68/70 MP: 7/7
  3982 | D:4      | Found a shimmering altar of Xom.
  4036 | D:5      | Entered Level 5 of the Dungeon
  4106 | D:5      | Reached skill level 5 in Armour
  4148 | D:5      | Reached skill level 8 in Unarmed Combat
  4294 | D:5      | Found a runed door.
  4523 | D:5      | Reached skill level 1 in Shields
  4562 | D:5      | Noticed Crazy Yiuf
  4567 | D:5      | Killed Crazy Yiuf
  4884 | D:6      | Found a basalt altar of Yredelemnul.
  4919 | D:6      | Reached XP level 9. HP: 79/79 MP: 8/8
  5419 | D:7      | Reached skill level 9 in Unarmed Combat
  5441 | D:7      | Noticed Natasha
  5450 | D:7      | Killed Natasha
  6822 | D:8      | Noticed Gastronok
  6823 | D:8      | Found a sparkling altar of Nemelex Xobeh.
  6855 | D:8      | HP: 3/81 [Gastronok (19)]
  6857 | D:8      | Killed from afar by Gastronok

Vault maps used:
D:1:      saegor_arrival_simple_e, serial_glass, glass_columns_a,
          glass_columns_c
D:2:      first_bread, uniq_natasha, uniq_sigmund
D:3:      kennysheep_flooded_box, johnstein_pakellas_dig
D:4:      bloody_trog, tgw_xom, uniq_eustachio, uniq_robin
D:5:      uniq_crazy_yiuf_cottage
D:6:      lemuel_crystal_altar
D:8:      old_standard_altar, old_standard_altar, grunt_ogre_cave,
          roderic_roman_lattice, uniq_gastronok
Temple:   lightli_temple_of_artemis

Skill      XL: |  1  2  3  4  5  6  7  8  9 |
---------------+----------------------------+-----
Fighting       | 4 5 6 7 |  7.8
Armour         | 1 2 3 4 5 6 |  6.3
Unarmed Combat | 4 5 6 7 8 9 |  9.6
Dodging        | 4 5 6 7 |  7.1
Shields        | 2 4 |  4.0
Stealth        | |  1.5

Action                   |  1- 3 |  4- 6 |  7- 9 || total
-------------------------+-------+-------+-------++-------
Melee: Unarmed           |    87 |   127 |   285 ||   499
       Headbutt          |    10 |    26 |    84 ||   120
       Punch             |     1 |     6 |    10 ||    17
Invok: Reject Sacrifices |       |       |     1 ||     1
Evoke: Wand              |       |     1 |       ||     1
  Use: Scroll            |     8 |     4 |     7 ||    19
       Potion            |     1 |       |     2 ||     3
 Stab: Sleeping          |     7 |     2 |     4 ||    13
  Eat: Chunk             |     1 |     7 |    12 ||    20
Armor: Robe              |    22 |       |       ||    22
       Ring mail         |       |    11 |    20 ||    31
       Leather armour    |       |       |    13 ||    13
Dodge: Dodged            |    61 |    81 |   204 ||   346
